 Dungeon Crawl Stone Soup version 0.31.0-11-ge490571c62 (webtiles) character file.

Game seed: 221907470952699556

206 Arctor the Firebug (level 5, -5/28 HPs)
             Began as a Deep Elf Fire Elementalist on Feb 2, 2024.
             Slain by Edmund
             ... wielding a +2 dire flail of holy wrath
              (7 damage)
             ... on level 4 of the Dungeon.
             The game lasted 00:09:17 (4187 turns).

Arctor the Firebug (Deep Elf Fire Elementalist)     Turns: 4187, Time: 00:09:17

Health: -5/28      AC:  5    Str:  5    XL:     5   Next: 53%
Magic:  2/13       EV: 13    Int: 27    God:
Gold:   599        SH:  0    Dex: 15    Spells: 9/12 levels left

rFire   . . .        h - staff of Xoebbyid {rPois Int+5 Alchemy}
rCold   . . .        c - orb {*channel}
rNeg    . . .        a - +0 robe
rPois   +            (no helmet)
rElec   .            n - +1 cloak {Stlth+}
rCorr   +            (no gloves)
SInv    .            e - +0 pair of boots
Will    .....        y - amulet of faith
Stlth   ++++         f - ring of resist corrosion
HPRegen 0.24/turn    r - ring of flight
MPRegen 0.13/turn

%: faith, channel magic (20%)
@: flying, very slightly contaminated
A: no striking features
a: no special abilities


You were on level 4 of the Dungeon.
You visited 1 branch of the dungeon, and saw 4 of its levels.

You collected 1391 gold pieces.
You spent 792 gold pieces at shops.

Inventory:

Hand Weapons
 d - a +2 dagger of speed
Armour
 a - a +0 robe (worn)
 c - an orb of energy (worn)
 e - a +0 pair of boots (worn)
 n - a +1 cloak of stealth (worn)
Magical Staves
 h - the staff of Xoebbyid (weapon) {rPois Int+5 Alchemy}
   (You bought it in a shop on level 1 of the Dungeon)

   [staff of alchemy]

   Base accuracy: +5 Base damage: 5 Base attack delay: 1.2 This weapon's minimum
   attack delay (0.6) is reached at skill level 12.
   Int+5:     It affects your intelligence (+5).
   rPois:     It protects you from poison Alchemy: It increases the power of
   your Alchemy spells.
   It falls into the 'Staves' category.
   It is a one-handed weapon.
Jewellery
 f - a ring of resist corrosion (left hand)
 r - a ring of flight (right hand)
 y - an amulet of faith (around neck)
Wands
 u - a wand of polymorph (4)
Scrolls
 g - a scroll of amnesia
 i - a scroll of poison
 j - 2 scrolls of summoning
 l - a scroll of fog
 o - a scroll of blinking {unknown}
 q - a scroll of vulnerability {unknown}
 s - 2 scrolls of teleportation {unknown}
 t - a scroll of fear {unknown}
 x - a scroll of enchant armour {unknown}
 z - a scroll of noise {unknown}
Potions
 b - a potion of magic
 k - a potion of resistance {unknown}
 m - a potion of mutation {unknown}
 p - 2 potions of might {unknown}
 v - 2 potions of lignification {unknown}
 w - a potion of ambrosia {unknown}


   Skills:
 + Level 0.6 Staves
 + Level 3.5 Dodging
 + Level 3.9 Stealth
 + Level 4.2 Spellcasting
 * Level 3.1 Conjurations
 + Level 4.2 Fire Magic


You had 9 spell levels left.
You knew the following spells:

 Your Spells              Type           Power      Damage    Failure   Level
a - Foxfire               Conj/Fire      100%       2x1d9     8%          1
b - Scorch                Fire           56%        2d7       8%          2

Your spell library contained the following spells:

 Spells                   Type           Power      Damage    Failure   Level
 Kiss of Death            Conj/Necr      56%        2d9       13%         1
 Inner Flame              Hex/Fire       17%        N/A       24%         3
 Volatile Blastmotes      Fire/Tloc      34%        2d12      24%         3
 Flame Wave               Conj/Fire      25%        2d8       36%         4
 Confusing Touch          Hex            5%         N/A       45%         3
 Dispel Undead            Necr           5%         3d7       80%         4


Dungeon Overview and Level Annotations

Branches:
Dungeon (4/15)
 Temple: D:4-7

Altars:

Shops:
D:1 **

Annotations:
D:4 Edmund; mitya21's ghost, amateur OpSh


Message History

You conjure some foxfire!
The foxfire hits Edmund.
Edmund is moderately wounded.
Edmund hits you with a +2 dire flail of holy wrath!
Casting: Foxfire (safe; 8% risk of failure)
Confirm with . or Enter, or press ? or * to list all spells.
You miscast Scorch.
You are very lightly contaminated with residual magic.
Nothing appears to happen.
Magical energy flows into your mind!
The foxfire hits Edmund but does no damage.
Edmund is moderately wounded.
Edmund barely misses you.
Casting: Scorch (safe; 8% risk of failure)
Confirm with . or Enter, or press ? or * to list all spells.
Flames lash Edmund.
Edmund is moderately wounded.
Edmund's fire resistance burns away.
Edmund hits you with a +2 dire flail of holy wrath.
Unknown command.
Casting: Scorch (safe; 8% risk of failure)
Confirm with . or Enter, or press ? or * to list all spells.
You miscast Scorch.
Nothing appears to happen.
Magical energy flows into your mind!
Edmund hits you with a +2 dire flail of holy wrath.
Casting: Scorch (safe; 8% risk of failure)
Confirm with . or Enter, or press ? or * to list all spells.
Flames lash Edmund but do no damage.
Edmund is no longer more vulnerable to fire.
Edmund hits you with a +2 dire flail of holy wrath!
* * * LOW HITPOINT WARNING * * *
Casting: Scorch (safe; 8% risk of failure)
Confirm with . or Enter, or press ? or * to list all spells.
Flames lash Edmund.
Edmund is heavily wounded.
Edmund's fire resistance burns away.
Edmund misses you.
Okay, then.
As you read the scroll labelled FYACWI OROKUIP, it crumbles to dust.
Wisps of shadow whirl around you...
It was a scroll of summoning.
Edmund hits you with a +2 dire flail of holy wrath!
You die...
Edmund says, "I'd like to see a scythe do that!"

####.##.#####.#...#
..............#...#
##.#.##.#####.#...#
#!#...............
##.#.##.#####.#..##.
..............#..# .
##.####.#####...
##.###r####.#
.(...hg@....#
.#.###@###### #. #
.. # ##. # .. #. #.


You could see Edmund (combustible, ally target), a friendly hound (summoned), a
friendly quokka (summoned) and a friendly hobgoblin (summoned).

Vanquished Creatures
  The ghost of boberto the Conjurer, a weakling MfCj (D:3)
  An orc wizard (D:3)
  4 adders
  3 dart slugs
  2 ribbon worms (D:3)
  16 orcs (D:3)
  4 bats
  5 endoplasms
  6 giant cockroaches
  5 goblins
  9 hobgoblins
  A quokka (D:1)
  6 ball pythons
  2 frilled lizards (D:1)
  8 kobolds
  4 rats
77 creatures vanquished.

Vanquished Creatures (collateral kills)
  5 foxfires (D:3)
5 creatures vanquished.

Vanquished Creatures (others)
  429 foxfires
429 creatures vanquished.

Grand Total: 511 creatures vanquished

Notes
Turn   | Place    | Note
-------+----------+-------------------------------------------
     0 | D:1      | Arctor the Deep Elf Fire Elementalist began the quest for
                  | the Orb.
     0 | D:1      | Reached XP level 1. HP: 10/10 MP: 6/6
    87 | D:1      | Found Coextagi's Assorted Antiques.
   375 | D:1      | Reached XP level 2. HP: 11/15 MP: 6/8
  1003 | D:1      | Found Goiste's Assorted Antiques.
  1076 | D:2      | Learned a level 2 spell: Scorch
  1212 | D:2      | Found a faded altar of an unknown god.
  1454 | D:2      | Reached XP level 3. HP: 19/19 MP: 6/9
  2119 | D:3      | Identified a scroll of acquirement
  2200 | D:1      | Acquired 1173 gold pieces
  2207 | D:1      | Bought a steaming staff for 408 gold pieces
  2207 | D:1      | Identified the staff of Xoebbyid {rPois Int+5 Alchemy} (You
                  | bought it in a shop on level 1 of the Dungeon)
  2207 | D:1      | Bought a scroll labelled ZIOPHI ZYWAR for 24 gold pieces
  2207 | D:1      | Bought a scroll of identify for 48 gold pieces
  2242 | D:1      | Bought a runed cloak for 187 gold pieces
  2242 | D:1      | Bought a bronze ring for 125 gold pieces
  2637 | D:3      | Found a runed translucent gate.
  2638 | D:3      | Found a runed translucent gate.
  2639 | D:3      | Found a runed translucent gate.
  2641 | D:3      | Noticed boberto's ghost (weakling MfCj)
  2658 | D:3      | Identified the +6 sling of Reason {antimagic, rElec Dex+2}
  2659 | D:3      | Reached XP level 4. HP: 24/24 MP: 8/11
  3640 | D:3      | Reached XP level 5. HP: 25/28 MP: 6/13
  3652 | D:3      | Killed boberto's ghost
  3974 | D:4      | Noticed mitya21's ghost (amateur OpSh)
  4171 | D:4      | Noticed Edmund
  4187 | D:4      | Slain by Edmund

Illustrated notes

Levels and vault maps discovered:
D:1:      lemuel_arrival_rhombus, layout_basic, serial_shops,
          nicolae_shop_window_shopping, nicolae_shop_statue_plus
D:2:      layout_basic, hellmonk_ecumenical_altar_crossroads, minmay_bisected
D:3:      cheibrodos_old_hovel, layout_loops_ring, biasface_ghost_orc_armoury,
          kennysheep_generic_room_2
D:4:      minmay_chambers_of_fours, layout_basic,
          mainiacjoe_overflow_surrounded_room, gammafunk_ghost_icy,
          kennysheep_opposing_triangles, uniq_edmund, uniq_duvessa

Skill      XL: |  1  2  3  4  5 |
---------------+----------------+-----
Dodging        | 3 |  3.5
Stealth        | 3 |  3.9
Conjurations   | 2 3 |  3.1
Fire Magic     | 4 |  4.2
Spellcasting   | 4 |  4.2
Staves         | |  0.6

Action                     |  1- 3 |  4- 6 || total
---------------------------+-------+-------++-------
  Melee: Dagger            |     2 |       ||     2
         Staff             |       |    14 ||    14
   Cast: Foxfire           |   175 |   100 ||   275
         Scorch            |     2 |    24 ||    26
    Use: Scroll            |     5 |     1 ||     6
         Potion            |       |     4 ||     4
 Armour: Robe              |     9 |    35 ||    44
  Dodge: Dodged            |    10 |    43 ||    53
